Map: Orbital Shipyard

Players

Grumm - Winner!

  • Race: Zerg Zerg
  • League: Gold

Chance

  • Race: Terran Terran
  • League: Silver

VOD

Have the link to the VOD?

Description

Time

  • Played on: Jan. 5, 2016, 1:44 a.m.
  • Length: 10:58
Show
View Real Time Build Order
Export as new Build Order

Grumm Zerg - Winner!

Build Orders: Hatch First 

Get SALT Encoding   

  12  0:29  Hatchery  
  12  0:34  Drone  
  12  0:39  Drone  
  13  0:56  Spawning Pool  
  12  1:00  Drone  
  13  1:04  Drone  
  14  1:22  Overlord  
  14  1:36  Extractor  
  14  1:37  Extractor  
  12  1:40  Drone x2  
  12  1:41  Drone  
  15  1:49  Spine Crawler  
  14  1:57  Drone x2  
  16  2:11  Zergling x2  
  16  2:12  Zergling x4  
  20  2:15  Drone x2  
  21  2:37  Queen x2  
  25  2:46  Spine Crawler  
  24  2:51  Drone x4  
  24  2:53  Overlord  
  28  2:59  Spine Crawler  
  28  3:03  Drone  
  26  3:40  Drone x6  
  31  3:44  Extractor  
  31  3:47  Zergling x2, Extractor  
  31  3:48  Zergling x4  
  32  3:54  Drone, Roach Warren  
  32  4:01  Zergling x2  
  33  4:09  Drone  
  34  4:12  Zergling x2  
  34  4:13  Zergling x2  
  34  4:14  Overlord  
  36  4:27  Hatchery  
  36  4:29  Overlord  
  35  4:31  Drone  
  35  4:33  Drone  
  35  4:37  Drone x2  
  39  4:39  Roach  
  39  4:40  Roach  
  43  4:52  Lair  
  43  4:54  Metabolic Boost  
  43  4:58  Evolution Chamber  
  42  5:01  Evolution Chamber  
  39  5:09  Roach  
  39  5:10  Roach x3  
  46  5:15  Spine Crawler  
  46  5:19  Roach  
  46  5:50  Roach x7  
  58  6:05  Glial Reconstitution  
  58  6:06  Overlord  
  58  6:09  Overlord  
  58  6:15  Zerg Missile Weapons Level 1  
  58  6:19  Zerg Ground Armor Level 1  
  58  6:24  Queen  
  56  6:46  Roach  
  54  6:47  Roach x6  
  54  6:50  Zergling x2  
  54  6:51  Zergling x2  
  48  7:17  Zergling x16  
  48  7:19  Queen  
  58  7:26  Spine Crawler  
  58  7:29  Spine Crawler  
  56  7:58  Roach  
  56  7:59  Roach x5  
  58  8:18  Zergling x2  
  58  8:19  Roach  
  64  8:20  Roach x3  
  64  8:35  Drone x5  
  69  9:00  Overlord x2  
  69  9:01  Zergling x6  
  72  9:21  Zergling x2  
  72  9:22  Zergling x12  
  72  9:23  Zergling x2  
  80  9:43  Spore Crawler  
  79  9:54  Roach  
  79  9:55  Roach x4  
  79  9:57  Zergling x2  
  90  10:13  Zergling x10  
Show
View Real Time Build Order
Export as new Build Order

Chance Terran 

Build Orders: Reaper Expand 

Get SALT Encoding   

  12  0:01  SCV  
  13  0:13  SCV  
  14  0:17  Supply Depot  
  14  0:25  SCV  
  15  0:39  SCV  
  15  0:40  Barracks  
  16  0:45  Refinery  
  16  0:51  SCV  
  17  0:57  Supply Depot  
  17  1:03  SCV  
  18  1:15  SCV  
  19  1:30  Orbital Command, Reaper  
  20  1:55  Command Center  
  20  1:57  SCV  
  21  2:12  Barracks Reactor  
  21  2:17  SCV  
  21  2:19  Barracks  
  22  2:26  Barracks  
  23  2:30  SCV  
  23  2:42  Bunker, SCV  
  24  2:49  Marine x2  
  26  2:52  Refinery  
  26  2:54  SCV  
  27  3:02  Supply Depot  
  27  3:06  SCV  
  27  3:08  Barracks Tech Lab, Marine  
  27  3:10  Marine  
  30  3:22  Marine  
  30  3:37  Marine x2  
  32  3:46  Marauder, Barracks Tech Lab  
  32  3:48  Supply Depot, SCV  
  34  3:51  Orbital Command  
  35  3:58  Marine x2  
  35  3:59  Supply Depot  
  35  4:00  SCV  
  38  4:07  Marauder  
  38  4:08  Marauder  
  42  4:12  SCV  
  42  4:15  Stimpack  
  44  4:17  SCV  
  44  4:22  Marine x2  
  46  4:25  SCV  
  49  4:37  Factory, SCV x2  
  52  4:41  Marauder x2, Marine  
  52  4:43  Marine  
  55  4:49  SCV x2  
  57  4:59  Marine  
  58  5:01  SCV  
  58  5:02  Marauder  
  58  5:03  Marauder  
  58  5:04  Marine  
  58  5:05  SCV  
  65  5:13  SCV  
  66  5:17  Marine, SCV  
  66  5:20  Supply Depot  
  68  5:22  Marine  
  68  5:25  SCV  
  68  5:28  Marauder  
  70  5:32  SCV  
  70  5:35  Marauder  
  69  5:37  Marine  
  69  5:41  Marine  
  71  5:42  Supply Depot  
  71  5:49  Marauder  
  70  5:53  Factory Tech Lab  
  70  5:55  Marine  
  70  5:56  Marauder  
  69  5:57  Starport  
  69  5:59  Marine, SCV x2  
  69  6:00  Barracks  
  72  6:10  Marauder  
  74  6:11  SCV x2  
  74  6:17  Refinery  
  74  6:18  Marauder  
  78  6:23  Marine, SCV x2  
  78  6:24  Marine  
  82  6:30  Factory Tech Lab  
  82  6:32  Marauder  
  84  6:35  SCV  
  84  6:36  SCV  
  84  6:39  Marauder  
  74  6:49  Marine x3  
  74  6:53  Marauder  
  77  7:01  Marauder  
  75  7:14  Marauder, Marine x2  
  75  7:15  Marine  
  74  7:22  Marauder  
  76  7:24  SCV x2  
  76  7:28  Siege Tank  
  81  7:32  Marine x2  
  81  7:36  Marauder, SCV, Barracks  
  86  7:42  Barracks  
  86  7:44  Supply Depot x2  
  86  8:00  Marine  
  86  8:02  Marine  
  86  8:03  SCV  
  86  8:04  Marauder  
  86  8:05  Medivac, Marauder, Siege Tank  
  92  8:06  Marine  
  93  8:17  Marine  
  80  8:25  Marauder  
  80  8:26  Marine  
  80  8:27  Marauder, Marine  
  78  8:35  Medivac  
  78  8:38  Barracks Reactor  
  78  8:39  Marine  
  81  8:44  Marine  
  81  8:47  Marauder, Command Center  
  86  8:48  Marauder  
  86  8:51  Marine  
  86  8:52  Refinery  
  87  8:57  Marine x2  
  87  9:02  Marine  
  90  9:08  Marauder  
  90  9:09  Marine  
  95  9:10  Marauder  
  95  9:15  Marine  
  97  9:21  Marine  
  97  9:24  Barracks Reactor  
  97  9:27  Marine  
  97  9:29  Marauder  
  97  9:30  Marine  
  101  9:37  Supply Depot  
  101  9:40  Marine  
  101  9:41  Supply Depot  
  101  9:44  Supply Depot  
  102  9:58  Medivac x2, Marine x3  
  102  9:59  Marauder x3  
  115  10:01  Marine x2  
  87  10:20  Marauder x3  
Tags
 
Add a new tag
Caveats
  • Supply blocks, unpowered buildings, or Contaminate may cause inaccurate times.
  • Supply counts are checked every 10 seconds.